 Dungeon Crawl Stone Soup version 0.24.0-13-gcf9b3192b9 (webtiles) character file.

Game seed: 13068084500007597611, levelgen mode: deterministic

1336 Thantalas the Stinger (level 8, -1/48 HPs)
             Began as a Gargoyle Venom Mage on Nov 6, 2019.
             Was an Initiate of Vehumet.
             Slain by an ice beast (8 damage)
             ... on level 6 of the Dungeon.
             The game lasted 00:12:57 (5641 turns).

Thantalas the Stinger (Gargoyle Venom Mage)         Turns: 5641, Time: 00:12:58

Health: -1/48      AC: 11    Str: 12    XL:     8   Next: 61%
Magic:  4/15       EV: 12    Int: 18    God:    Vehumet [......]
Gold:   270        SH:  0    Dex: 10    Spells: 8/16 levels left

rFire    . . .     SeeInvis .   b - +2 dagger (venom)
rCold    . . .     Gourm    .   (no shield)
rNeg     + . .     Faith    .   q - +0 robe
rPois    ∞         Spirit   .   (no helmet)
rElec    +         Reflect  .   l - +1 cloak
rCorr    .         Harm     .   h - +0 pair of gloves
MR       .....                  c - +0 pair of boots
Stlth    ++........             (no amulet)
HPRegen  0.16/turn              (no ring)
MPRegen  0.14/turn              (no ring)

@: no status effects
A: negative energy resistance 1, electricity resistance, unbreathing,
petrification resistance, rot immunity, AC +5
a: Renounce Religion


You were on level 6 of the Dungeon.
You worshipped Vehumet.
Vehumet was noncommittal.
You were hungry.

You visited 2 branches of the dungeon, and saw 7 of its levels.

You collected 270 gold pieces.

Inventory:

Hand Weapons
 a - a +0 trident
   (You took it off an orc priest on level 4 of the Dungeon)
 b - a +2 dagger of venom (weapon)
   (You found it on level 2 of the Dungeon)
 x - the +0 mace "Itaema" {drain, +Rage rElec rF+ MR+ Str-3}
   (You found it on level 5 of the Dungeon)

   A truly terrible weapon, it drains the life of those it strikes.
   It affects your strength (-3).
   It protects you from fire.
   It insulates you from electricity.
   It affects your resistance to hostile enchantments.
   It lets you go berserk.
Armour
 c - a +0 pair of boots (worn)
   (You found it on level 2 of the Dungeon)
 h - a +0 pair of gloves (worn)
   (You found it on level 1 of the Dungeon)
 l - a +1 cloak (worn)
   (You found it on level 1 of the Dungeon)
 q - a +0 robe (worn)
Wands
 d - a wand of iceblast (7)
   (You took it off Ijyb on level 3 of the Dungeon)
 i - a wand of scattershot (8)
   (You found it on level 4 of the Dungeon)
Scrolls
 j - 2 scrolls of fog
 o - 2 scrolls of enchant armour
 s - 2 scrolls of enchant weapon
 u - a scroll of remove curse {@r2}
 v - a scroll of amnesia
 w - a scroll of identify {@r1}
 y - a scroll of teleportation {@r4}
Potions
 e - a potion of heal wounds {@q2}
 g - a potion of flight
 k - 2 potions of berserk rage
 m - a potion of haste {@q3}
 n - 4 potions of curing {@q1}
 p - 2 potions of brilliance
 t - a potion of agility
 z - a potion of invisibility {unknown}
Comestibles
 f - 9 rations {!d}


   Skills:
 + Level 4.9 Fighting
 - Level 1.5 Dodging
 - Level 2.1 Stealth
 + Level 4.6 Spellcasting
 + Level 5.1 Conjurations
 - Level 3.0 Air Magic
 + Level 5.5 Poison Magic


You had 8 spell levels left.
You knew the following spells:

 Your Spells              Type           Power        Failure   Level  Hunger
A - Sting                 Conj/Pois      ###.         1%          1    None
B - Mephitic Cloud        Conj/Pois/Air  ###.....     6%          3    ###....
C - Olgreb's Toxic Radia  Pois           ###.....     14%         4    ####...

Your spell library contained the following spells:

 Spells                   Type           Power        Failure   Level  Hunger
 Poisonous Vapours        Pois/Air       ###...       3%          2    #......
 Venom Bolt               Conj/Pois      ###.......   38%         5    ######.


Dungeon Overview and Level Annotations

Branches:
Dungeon (6/15)             Temple (1/1) D:5

Altars:
Ashenzari
Cheibriados
Dithmenos
Elyvilon
Fedhas
Gozag
Hepliaklqana
Kikubaaqudgha
Makhleb
Okawaru
Qazlal
Ru
Sif Muna
Trog
Uskayaw
Vehumet
Xom
Yredelemnul
Zin
The Shining One

Shops:
D:5 }


Innate Abilities, Weirdness & Mutations

You are resistant to torment.
Your stone body is resilient. (AC +5)
You are immune to poison.
You resist negative energy. (rN+)
You are resistant to electric shocks. (rElec)
You can survive without breathing.
You are immune to petrification.
You are immune to rotting.


Message History

An orc comes into view. It is wielding a +0 flail.
You begin to radiate toxic energy.
The orc wizard is poisoned.
The orc is poisoned.
The orc shouts!
The orc is poisoned.
The orc shouts!
The orc is poisoned.
You are feeling hungry.
The orc looks even sicker. x2
An ice beast comes into view.
The orc wizard looks even sicker.
The orc looks even sicker.
You kill the orc!
Vehumet accepts your kill.
Your toxic aura wanes.
You hit the orc wizard.
The orc wizard looks as sick as possible!
The orc wizard closely misses you.
The ball explodes into a vile cloud!
The stinking cloud engulfs the orc wizard but does no damage.
The stinking cloud engulfs you but does no damage.
The stinking cloud engulfs the orc but does no damage.
You kill the orc wizard!
Vehumet accepts your kill.
You kill the orc!
Vehumet accepts your kill.
The orc is engulfed in noxious fumes.
The orc appears confused.
Things that are here:
a +0 dagger; a +0 robe; an orc corpse You closely miss the ice beast.
The ice beast hits you. The ice beast freezes you.
You barely miss the ice beast.
The orc looks more healthy.
The ice beast barely misses you.
You hit the ice beast but do no damage. The ice beast hits you.
The ice beast freezes you!
* * * LOW HITPOINT WARNING * * *
Aim: an ice beast (noxious fumes)
The sting hits the ice beast.
The ice beast is poisoned.
The ice beast hits you.
* * * LOW HITPOINT WARNING * * *
The ice beast freezes you!
* * * LOW HITPOINT WARNING * * *
Aim: an ice beast (noxious fumes, lightly wounded, poisoned)
The ball explodes into a vile cloud!
The stinking cloud engulfs the ice beast but does no damage.
The stinking cloud engulfs you but does no damage.
The stinking cloud engulfs the orc but does no damage.
The ice beast hits you.
* * * LOW HITPOINT WARNING * * *
The ice beast freezes you!
You die...

########## #.#...
####........ .. ...
##.......[..# #.#....
.#...........# .......
..............##.#..8.8
8..........(.##........
...........(.....§§o...8
................@Y..)...
≈..#.........##..)§..8.8
≈8...........##.........
≈≈..........####........
≈≈≈≈........# #...#....
.≈≈≈≈......## ##..#####
. ..≈≈≈≈....## ..# .. ##
...≈≈.....# #.. #.####.
...##....## .....


You could see an ice beast and an orc (confused).

Vanquished Creatures
  Menkaure (D:4)
  A phantom (D:5)
  2 ogres
  A centaur (D:6)
  2 scorpions (D:5)
  A centaur zombie (D:5)
  A jelly (D:6)
  2 orc priests (D:4)
  A centaur skeleton (D:4)
  A gnoll shaman (D:5)
  A bullfrog skeleton (D:4)
  A hound (D:4)
  5 orc wizards
  Natasha (thrice) (D:3)
  Ijyb (D:3)
  2 iguanas (D:4)
  4 worker ants
  A hound zombie (D:5)
  4 gnolls (D:5)
  4 adders
  An ooze (D:5)
  A worm (D:4)
  A dart slug (D:1)
  A leopard gecko (D:5)
  12 orcs
  4 bats
  5 giant cockroaches
  7 goblins
  3 hobgoblins
  3 jackals (D:1)
  3 quokkas
  A ball python zombie (D:5)
  4 frilled lizards
  A jackal skeleton (D:5)
  4 kobolds
  A leopard gecko skeleton (D:4)
  7 rats
98 creatures vanquished.

Notes
Turn   | Place    | Note
-------+----------+-------------------------------------------
     0 | D:1      | Thantalas the Gargoyle Venom Mage began the quest for the
                  | Orb.
     0 | D:1      | Reached XP level 1. HP: 10/10 MP: 3/3
   155 | D:1      | Reached XP level 2. HP: 12/16 MP: 0/5
   445 | D:1      | Reached skill level 1 in Fighting
   684 | D:1      | Reached XP level 3. HP: 20/20 MP: 4/6
   689 | D:1      | Learned a level 3 spell: Mephitic Cloud
  1593 | D:3      | Reached XP level 4. HP: 25/25 MP: 2/7
  1844 | D:3      | Learned a level 4 spell: Olgreb's Toxic Radiance
  1973 | D:3      | Noticed Natasha
  1986 | D:3      | Killed Natasha
  1986 | D:3      | Reached skill level 1 in Air Magic
  1986 | D:3      | Reached XP level 5. HP: 30/30 MP: 2/9
  2077 | D:3      | Noticed Natasha
  2205 | D:3      | Noticed Ijyb
  2217 | D:3      | Killed Ijyb
  2345 | D:3      | Found a shattered altar of Ashenzari.
  2828 | D:3      | Killed Natasha
  2886 | D:3      | Noticed Natasha
  2895 | D:3      | Killed Natasha
  3027 | D:4      | Found an ancient bone altar of Kikubaaqudgha.
  3041 | D:4      | Reached XP level 6. HP: 36/36 MP: 6/10
  3517 | D:4      | Noticed Menkaure
  3522 | D:4      | Killed Menkaure
  3522 | D:4      | Reached XP level 7. HP: 41/41 MP: 6/12
  3785 | D:4      | Found a sacrificial altar of Ru.
  4086 | D:4      | Found a glowing golden altar of the Shining One.
  4331 | D:5      | Entered Level 5 of the Dungeon
  4331 | D:5      | Found Binem's Gadget Shoppe.
  4340 | D:5      | Found a staircase to the Ecumenical Temple.
  4346 | Temple   | Entered the Ecumenical Temple
  4366 | Temple   | Became a worshipper of Vehumet
  4451 | D:5      | Reached XP level 8. HP: 35/48 MP: 14/14
  4731 | D:5      | Reached skill level 5 in Poison Magic
  4764 | D:5      | Found a shadowy altar of Dithmenos.
  4766 | D:5      | Found a glowing silver altar of Zin.
  5161 | D:5      | Got a faintly glowing mace
  5162 | D:5      | Identified the +0 mace "Itaema" {drain, +Rage rElec rF+ MR+
                  | Str-3} (You found it on level 5 of the Dungeon)
  5230 | D:5      | Found an opulent altar of Gozag.
  5405 | D:6      | Reached skill level 5 in Conjurations
  5641 | D:6      | Slain by an ice beast

Levels and vault maps discovered:
D:1:      co_arrival_random_square_maze, layout_basic
D:2:      layout_basic, first_ration
D:3:      layout_basic, ashenzari_conservatory_becter, uniq_ijyb, uniq_natasha
D:4:      layout_gridville, lemuel_round_altar, kiku_gazebo_garden_becter,
          kennysheep_mini_moat, uniq_menkaure
D:5:      layout_loops_ring, nicolae_gozag_cash_rules_everything_around_me,
          grunt_temple_overflow_open, minmay_temple_entry_gardened_gates,
          serial_shops, nicolae_shop_crystal
D:6:      layout_cave_pods, kennysheep_little_box, serial_column_ruins,
          column_ruins_columns_water, column_ruins_columns_straight,
          column_ruins_grid_2, column_ruins_open_medium_water,
          column_ruins_columns_straight, column_ruins_grid_4, st_stairs_3
Temple:   nicolae_temple_god_jail

Skill      XL: |  1  2  3  4  5  6  7  8 |
---------------+-------------------------+-----
Fighting       | 1 2 3 4 |  4.9
Conjurations   | 2 3 4 5 |  5.1
Air Magic      | 1 2 3 |  3.0
Spellcasting   | 3 4 |  4.6
Poison Magic   | 4 5 |  5.5
Dodging        | |  1.5
Stealth        | |  2.1

Action                   |  1- 3 |  4- 6 |  7- 9 || total
-------------------------+-------+-------+-------++-------
Melee: Spear             |    65 |       |       ||    65
       Dagger            |     4 |    73 |   111 ||   188
       Trident           |       |       |    57 ||    57
       Mace              |       |       |     6 ||     6
 Cast: Sting             |    26 |    17 |    16 ||    59
       Mephitic Cloud    |       |     6 |    10 ||    16
       Olgreb's Toxic Ra |       |     1 |     3 ||     4
Evoke: Wand              |       |     2 |     1 ||     3
  Use: Scroll            |     8 |     6 |     3 ||    17
 Stab: Distracted        |     1 |       |       ||     1
       Sleeping          |     2 |       |     2 ||     4
       Confused          |       |     1 |     5 ||     6
  Eat: Chunk             |     2 |     7 |     8 ||    17
Armor: Robe              |    29 |    26 |    55 ||   110
Dodge: Dodged            |    36 |    37 |   112 ||   185
